 Dungeon Crawl Stone Soup version 0.31.0-11-ge490571c62 (webtiles) character file.

Game seed: 8562935677398543847

42 hawla the Shield-Bearer (level 3, -5/31 HPs)
             Began as a Minotaur Fighter on Feb 8, 2024.
             Killed from afar by Sigmund (9 damage)
             ... with a magic dart
             ... on level 1 of the Dungeon.
             The game lasted 00:03:45 (784 turns).

hawla the Shield-Bearer (Minotaur Fighter)           Turns: 784, Time: 00:03:45

Health: -5/31      AC:  8    Str: 22    XL:     3   Next: 33%
Magic:  2/2        EV:  9    Int:  5    God:
Gold:   47         SH:  4    Dex:  9    Spells: 2/2 levels left

rFire   . . .        a - +0 war axe
rCold   . . .        c - +0 buckler
rNeg    . . .        b - +0 scale mail
rPois   .            (helmet restricted)
rElec   .            (no cloak)
rCorr   .            (no gloves)
SInv    .            k - +0 pair of boots
Will    .....        (no amulet) Stlth
                     (no ring)
HPRegen 0.25/turn    (no ring)
MPRegen 0.08/turn

%: no passive effects
@: invisible
A: horns 2, retaliatory headbutt
a: no special abilities


You were on level 1 of the Dungeon.
You visited 1 branch of the dungeon, and saw 2 of its levels.

You collected 47 gold pieces.

Inventory:

Hand Weapons
 a - a +0 war axe (weapon)
Missiles
 m - 2 poisoned darts (quivered)
Armour
 b - a +0 scale mail (worn)
 c - a +0 buckler (worn)
 k - a +0 pair of boots (worn)
Jewellery
 e - a ring of positive energy
Scrolls
 f - 2 scrolls of identify
Potions
 d - a potion of might
 g - a potion of invisibility
 l - 3 potions of resistance


   Skills:
 - Level 3.6 Fighting
 - Level 2.4 Axes
 + Level 0.8 Throwing
 - Level 3.6 Armour
 + Level 1.0 Dodging
 - Level 5.0 Shields


You had 2 spell levels left.
You didn't know any spells.
Your spell library was empty.

Dungeon Overview and Level Annotations

Branches:
Dungeon (2/15)

Altars:

Shops:
D:1 =

Annotations:
D:1 Sigmund


Innate Abilities, Weirdness & Mutations

You have a pair of horns on your head.
You reflexively headbutt those who attack you in melee.


Message History

There is an escape hatch in the ceiling here.
Sigmund hits you with a +0 scythe. The adder bites you but does no damage.
A mysterious force pulls you upwards. The hatch slams shut behind you.
You slash the adder!
The adder is almost dead.
You closely miss Sigmund. The adder barely misses you. Sigmund misses you.
The adder bites you but does no damage.
You barely miss the adder. Your headbutt misses the adder.
The adder is almost dead.
You barely miss Sigmund. The adder bites you but does no damage.
You block Sigmund's attack.
You hit the adder.
You kill the adder!
You slash Sigmund! You block Sigmund's attack.
Your Dodging skill increases to level 1!
You barely miss Sigmund. You headbutt Sigmund.
Sigmund is heavily wounded.
You block Sigmund's attack.
You barely miss Sigmund.
Sigmund is heavily wounded.
Sigmund barely misses you. You furiously retaliate!
You headbutt Sigmund. You hit Sigmund but do no damage.
Sigmund is heavily wounded.
You closely miss Sigmund.
Sigmund is heavily wounded.
Sigmund hits you with a +0 scythe!
You closely miss Sigmund.
Sigmund is heavily wounded.
Sigmund gestures at you while chanting. The puff of flame hits you!
* * * LOW HITPOINT WARNING * * *
Sigmund barely misses you.
You fade into invisibility!
Sigmund gestures at you while chanting. You resist with significant effort.
You see here an adder corpse.
Sigmund casts a spell at you. The magic dart hits you!
You die...
Sigmund begins carving another notch in his scythe.

..........÷...#.........#....#..#
....######.##.........#.#.##.#..#
###.# #.########.#.#.÷.......# #
#.# #.......##.#...÷.÷...... #.#
#.......##.######.#.##.# #.#
#.......##.# #.#.#.##
#.######......)...# #.#.....
#....>.........#### #.###...
#.######..@...@# ####.# #..# #.#
#.......######....# #.#. #.#
#.##.†......##...## #.## #.#
#.###########8...8# #.## #.# #†#
##...## #.## #.# #.# #..)# #.##
###.# #.# ##...## #.## #...# #.#
#8...8# #... #.### #.# ###
####...#######


You could see Sigmund (unable to see you).

Vanquished Creatures
  An adder (D:1)
  2 dart slugs
  3 endoplasms (D:1)
  A giant cockroach (D:2)
  3 hobgoblins (D:1)
  3 jackals
  2 ball pythons
  3 bats (D:1)
  3 frilled lizards
  2 goblins
  5 kobolds
  A rat (D:1)
29 creatures vanquished.

Notes
Turn   | Place    | Note
-------+----------+-------------------------------------------
     0 | D:1      | hawla the Minotaur Fighter began the quest for the Orb.
     0 | D:1      | Reached XP level 1. HP: 19/19 MP: 0/0
   114 | D:1      | Reached skill level 4 in Shields
   119 | D:1      | Found a faded altar of an unknown god.
   242 | D:1      | Reached XP level 2. HP: 21/26 MP: 1/1
   574 | D:1      | Found Koaziac's Jewellery Emporium.
   715 | D:2      | Reached skill level 5 in Shields
   727 | D:2      | Reached XP level 3. HP: 31/31 MP: 2/2
   762 | D:2      | Noticed Sigmund
   776 | D:1      | Reached skill level 1 in Dodging
   784 | D:1      | Killed from afar by Sigmund

Illustrated notes

Levels and vault maps discovered:
D:1:      amcnicky_arrival_choice, layout_loops_ring, serial_shops, shop,
          ebering_ecumenical_altar_webs, hangedman_abyss_or_decor_lesser_grid,
          corexii_hall_statues_x
D:2:      layout_rooms, uniq_sigmund

Skill      XL: |  1  2  3 |
---------------+----------+-----
Shields        | 4 5 |  5.0
Dodging        | 1 |  1.0
Fighting       | |  3.6
Axes           | |  2.4
Throwing       | |  0.8
Armour         | |  3.6

Action                     || total
---------------------------++-------
  Melee: War axe           ||    59
         Headbutt          ||     6
    Use: Scroll            ||     6
         Potion            ||     2
 Armour: Scale mail        ||    50
  Dodge: Dodged            ||    29
  Block: Buckler           ||    16
